 Dungeon Crawl Stone Soup version 0.23-a0-143-g1adec7b (webtiles) character file.

770 Faca the Cudgeler (level 7, -6/45 HPs)
             Began as a Gargoyle Fighter on June 20, 2018.
             Mangled by an ogre
             ... wielding a +0 giant club
              (13 damage)
             ... on level 3 of the Dungeon on Aug 31, 2018.
             The game lasted 00:11:04 (3845 turns).

Faca the Cudgeler (Gargoyle Fighter)                Turns: 3845, Time: 00:11:05

Health: -6/45      AC: 14    Str: 20    XL:     7   Next: 83%
Magic:  7/7        EV:  5    Int:  9    God:
Gold:   192        SH:  9    Dex: 10    Spells: 6/6 levels left

rFire    . . .     SeeInvis .   a - +0 flail
rCold    . . .     Gourm    .   c - +0 shield
rNeg     + . .     Faith    .   h - +0 chain mail
rPois    ∞         Spirit   .   (no helmet)
rElec    +         Reflect  .   (no cloak)
rCorr    .         Harm     .   (no gloves)
MR       +....                  (no boots)
Stlth    ..........             (no amulet)
HPRegen  0.15/turn              t - ring of protection from magic
MPRegen  0.10/turn              (no ring)

@: no status effects
A: negative energy resistance 1, electricity resistance, unbreathing,
petrification resistance, rot immunity, AC +4
a: no special abilities


You were on level 3 of the Dungeon.
You were not hungry.

You visited 1 branch of the dungeon, and saw 4 of its levels.

You collected 192 gold pieces.

Inventory:

Hand Weapons
 a - a +0 flail (weapon)
 r - a +0 antimagic whip
Armour
 c - a +0 shield (worn)
 h - a +0 chain mail (worn)
Jewellery
 s - an uncursed amulet of guardian spirit {unknown}
 t - a ring of protection from magic (left hand)
Wands
 e - a wand of flame (17)
 n - a wand of paralysis (13)
Scrolls
 b - a scroll of enchant armour {unknown}
 g - a scroll of enchant weapon {unknown}
 l - a scroll of blinking {unknown}
 m - a scroll of immolation {unknown}
 o - a scroll of fear {unknown}
 p - 2 scrolls of teleportation {unknown}
 v - a scroll of remove curse {unknown}
Potions
 d - 2 potions of might
 i - 2 potions of brilliance
 j - a potion of heal wounds {unknown}
 k - a potion of mutation
 q - 3 potions of curing {unknown}
Comestibles
 f - 6 rations


   Skills:
 + Level 5.9 Fighting
 * Level 6.8 Maces & Flails
 - Level 3.6 Armour
 - Level 0.7 Dodging
 - Level 4.0 Shields


You had 6 spell levels left.
You didn't know any spells.
Your spell library was empty.

Dungeon Overview and Level Annotations

Branches:
Dungeon (4/15)
 Temple: D:4-7

Altars:
Dithmenos
Zin

Annotations:
D:3 1 runed door, demenzo's ghost, amateur OpTm


Innate Abilities, Weirdness & Mutations

You are resistant to torment.
Your stone body is resilient. (AC +4)
You are immune to poison.
You resist negative energy. (rN+)
You are resistant to electric shocks. (rElec)
You can survive without breathing.
You are immune to petrification.
You are immune to rotting.


Message History

You barely miss the ogre. The ogre hits you with a giant club!!
Ouch! That really hurt!
* * * LOW HITPOINT WARNING * * *
You sock the ogre!
The ogre is moderately wounded.
The ogre hits you with a giant club.
* * * LOW HITPOINT WARNING * * *
All of the chunks of flesh in your inventory have rotted away.
There is a stone staircase leading up here.
The ogre hits you with a giant club!
* * * LOW HITPOINT WARNING * * *
You climb upwards.
Level annotation: 1 runed door, demenzo's ghost, amateur OpTm
There is a stone staircase leading down here.
Your shield and chain mail prevent you from hitting the ogre.
The ogre is moderately wounded.
Your chain mail prevents you from hitting the ogre.
The ogre is moderately wounded.
The ogre hits you with a giant club!
You die...

#.####8... .8## #......##.# #.# #
_## ######.##.. #.###### ##
##....# #...##.# #...#.#
###.##.########### #######......
#.##...........####..........<.
##.############..........##..#..
##...## #O.#######.##..#..
#.....##### #@.# #.##..##.
#.........# ##..# #.##..##.
#.....###.# #...# #.....###
#....## #.# #.#.# #.###.###
#.#.## #.#####.#.# #.##...#.
#.#.#####.##.##.#.#######.##..##.
.......†......#"#.[............#.
#.###..#####.##.##########)###.##
#.# #..# #..#.# #(.# #†.#


You could see an ogre.

Vanquished Creatures
  Sigmund (D:3)
  A phantom (D:3)
  2 howler monkeys
  A centaur skeleton (D:4)
  3 orc priests (D:3)
  2 orc wizards (D:3)
  2 worker ants
  7 gnolls
  4 adders
  An ooze (D:1)
  2 worms
  4 dart slugs
  3 leopard geckos
  14 orcs
  A ball python (D:3)
  18 bats
  7 giant cockroaches
  8 goblins
  2 hobgoblins
  7 jackals
  6 kobolds
  4 frilled lizards
  15 rats
115 creatures vanquished.

Notes
Turn   | Place    | Note
-------+----------+-------------------------------------------
     0 | D:1      | Faca the Gargoyle Fighter began the quest for the Orb.
     0 | D:1      | Reached XP level 1. HP: 14/14 MP: 1/1
   128 | D:1      | Reached XP level 2. HP: 11/19 MP: 2/2
   675 | D:1      | Reached XP level 3. HP: 22/23 MP: 3/3
  1311 | D:2      | Found a faded altar of an unknown god.
  1325 | D:2      | Reached XP level 4. HP: 28/28 MP: 4/4
  1472 | D:2      | Reached skill level 3 in Maces & Flails
  1730 | D:2      | Reached XP level 5. HP: 32/33 MP: 1/5
  1819 | D:3      | Upgraded the game from 0.22-a0-525-gf69a080 to
                  | 0.23-a0-143-g1adec7b
  1824 | D:3      | Found a glowing silver altar of Zin.
  1940 | D:3      | Found a shadowy altar of Dithmenos.
  1956 | D:3      | Reached skill level 4 in Maces & Flails
  2501 | D:2      | Reached XP level 6. HP: 26/39 MP: 6/6
  2775 | D:3      | Reached skill level 5 in Maces & Flails
  3058 | D:3      | Found a runed door.
  3062 | D:3      | Noticed demenzo's ghost (amateur OpTm)
  3089 | D:3      | Noticed Sigmund
  3105 | D:3      | Killed Sigmund
  3105 | D:3      | Reached skill level 5 in Fighting
  3105 | D:3      | Reached XP level 7. HP: 29/44 MP: 7/7
  3495 | D:3      | Reached skill level 6 in Maces & Flails
  3845 | D:3      | Mangled by an ogre

Vault maps used:
D:1:      saegor_arrival_simple_e, serial_bayou_pond_b, minivault_5
D:2:      first_ration, chequers_ecumenical_altar_twisty
D:3:      nicolae_overflow_hidden_temple, lemuel_round_altar,
          gammafunk_ghost_grave, uniq_sigmund
D:4:      serial_shops, shop_statue

Skill      XL: |  1  2  3  4  5  6  7 |
---------------+----------------------+-----
Shields        | 4 |  4.0
Maces & Flails | 3 4 5 6 |  6.8
Fighting       | 4 5 |  5.9
Armour         | |  3.6
Dodging        | |  0.7

Action                   |  1- 3 |  4- 6 |  7- 9 || total
-------------------------+-------+-------+-------++-------
Melee: Flail             |   177 |   275 |    93 ||   545
       Whip              |       |    22 |       ||    22
Throw: Throwing net      |       |     1 |       ||     1
  Use: Scroll            |     2 |       |       ||     2
  Eat: Chunk             |     1 |     1 |     2 ||     4
       Ration            |     1 |     1 |       ||     2
Armor: Scale mail        |    28 |       |       ||    28
       Chain mail        |   154 |   216 |    45 ||   415
Dodge: Dodged            |    78 |    79 |    13 ||   170
Block: Shield            |   126 |   171 |    47 ||   344

Table legend:
 A = Non-vault XP
 B = Vault XP
 C = Vault XP percentage of total XP
 D = Non-vault monster count
 E = Vault monster count
 F = Vault count percentage of total count
                 A         B        C        D         E       F
            +---------+---------+-------+---------+---------+-------
      Total |     878 |     223 |  20.3 |     114 |       1 |   0.9
            +---------+---------+-------+---------+---------+-------
        D:1 |      58 |       0 |   0.0 |      29 |       0 |   0.0
        D:2 |     138 |       0 |   0.0 |      32 |       0 |   0.0
        D:3 |     538 |     223 |  29.3 |      46 |       1 |   2.1
        D:4 |     144 |       0 |   0.0 |       7 |       0 |   0.0
            +---------+---------+-------+---------+---------+-------
